 Dungeon Crawl Stone Soup version 0.19.1-1-g22dce08 (webtiles) character file.

450 Gargoyl the Skirmisher (level 7, -4/60 HPs)
             Began as a Ghoul Abyssal Knight on Jan 6, 2017.
             Was a Believer of Lugonu.
             Slain by an orc warrior
             ... wielding a +0 battleaxe
              (13 damage)
             ... on level 5 of the Dungeon.
             The game lasted 00:08:25 (2876 turns).

Gargoyl the Skirmisher (Ghoul Abyssal Knight)       Turns: 2876, Time: 00:08:26

Health: -4/60      AC: 10    Str: 16    XL:     7   Next: 4%
Magic:  8/8        EV:  6    Int: 10    God:    Lugonu [**....]
Gold:   313        SH:  3    Dex: 12    Spells: 0 memorised, 6 levels left

rFire  . . .     SeeInvis .     h - +1 war axe (chop)
rCold  + . .     Gourm    .     u - +0 chain mail
rNeg   + + +     Faith    .     r - +0 buckler
rPois  ∞         Spirit   .     (no helmet)
rElec  .         Reflect  .     (no cloak)
rCorr  .         Harm     .     o - +0 pair of gloves
MR     .....                    (no boots)
Stlth  ..........               e - amulet "Ymups" {Regen+ Int+3}
                                g - +2 ring of dexterity
                                p - +3 ring of slaying

@: rotting
A: rotting body, claws 1, carnivore 3, cold resistance 1, negative energy
resistance 3, slow regeneration 1, torment resistance, unbreathing
a: Depart the Abyss, Bend Space, Renounce Religion


You were on level 5 of the Dungeon.
You worshipped Lugonu.
Lugonu was pleased with you.
You were not hungry.

You visited 1 branch of the dungeon, and saw 5 of its levels.
You visited the Abyss 1 time.

You collected 313 gold pieces.

Inventory:

Hand Weapons
 a - a +1 hand axe
 h - a +1 war axe of chopping (weapon)
Armour
 o - a +0 pair of gloves (worn)
 r - a +0 buckler (worn)
 u - a +0 chain mail (worn)
Jewellery
 d - an uncursed ring of see invisible
 e - the amulet "Ymups" (around neck) {Regen+ Int+3}
   (You found it on level 2 of the Abyss)

   [amulet of regeneration]

   It affects your intelligence (+3).
   It increases your rate of regeneration.
 g - a +2 ring of dexterity (right hand)
 p - a +3 ring of slaying (left hand)
Scrolls
 f - 2 scrolls of identify
 j - a scroll of teleportation
 l - 4 scrolls of recharging
Potions
 b - a potion of curing {unknown}
 i - 3 potions of flight {unknown}
 k - a potion of degeneration {unknown}
 m - 2 potions of heal wounds {unknown}
 s - 2 potions of brilliance {unknown}
 t - a potion of mutation {unknown}
 v - 3 potions of agility {unknown}
 x - 2 potions of lignification {unknown}
 A - a potion of cancellation {unknown}
 B - a potion of resistance {unknown}
Books
 q - a book of Minor Magic

   Spells                             Type                      Level
   a - Magic Dart                     Conjuration                  1
   b - Blink                          Translocation                2
   c - Call Imp                       Summoning                    2
   d - Repel Missiles                 Charms/Air                   2
   e - Slow                           Hexes                        2
   f - Conjure Flame                  Conjuration/Fire             3
   g - Mephitic Cloud                 Conjuration/Poison/Air       3
Comestibles
 c - 3 meat rations
 n - a royal jelly
 w - a chunk of flesh
 z - a slice of pizza


   Skills:
 + Level 4.3 Fighting
 + Level 4.2 Axes
 * Level 3.6 Armour
 + Level 1.1 Dodging
 + Level 1.0 Shields
 * Level 3.6 Invocations


You had 6 spell levels left.
You didn't know any spells.

Dungeon Overview and Level Annotations

Branches:
Dungeon (5/15)
 Temple: D:4-7

Altars:
Dithmenos


Innate Abilities, Weirdness & Mutations

Your body is rotting away.
You thrive on raw meat.
You are immune to poison.
You have sharp fingernails.
You are carnivorous and can eat meat at any time.
Your flesh is cold resistant. (rC+)
You are immune to negative energy. (rN+++)
You regenerate slowly when monsters are visible.
You are immune to unholy pain and torment.
You can survive without breathing.


Message History

Unknown command.
You slash something! You slash the orc!
You kill the orc!
Lugonu accepts your kill.
Your shield and chain mail prevent you from hitting the orc warrior.
Something hits you but does no damage.
The orc warrior hits you but does no damage.
Something hits you.
* * * LOW HITPOINT WARNING * * *
Your chain mail prevents you from hitting something.
You hit the orc but do no damage.
You hit the orc warrior but do no damage.
The orc hits you but does no damage.
The orc warrior hits you with a battleaxe!
* * * LOW HITPOINT WARNING * * *
Something hits you but does no damage. The orc hits you but does no damage.
Eat a chunk of flesh? (ye/n/q)
You start eating the chunk of flesh.
The orc warrior hits you with a battleaxe!
You die...

......###
#.......##
......... .......
.....# #o...#
###{o..####
#..@o......
#.#>##.####
#.#.##.## #
#.###<#.##..### .#
#.......#.....##..#
#####............>#
#...#.....#...#
#...........(.#
#.#..........#


You could see an orc warrior and 2 orcs.

Vanquished Creatures
  A phantom (D:5)
  A scorpion (D:4)
  The ghost of McKennaii the Magician, a weakling HEWz (D:3)
  A crimson imp (D:5)
  A hound (D:4)
  4 worker ants
  5 adders
  A gnoll (D:2)
  An ooze (D:1)
  3 worms
  A dart slug (D:3)
  A leopard gecko (D:3)
  4 orcs (D:5)
  9 goblins
  11 hobgoblins
  2 quokkas
  4 bats
  5 frilled lizards
  4 kobolds
  3 rats
63 creatures vanquished.

Notes
Turn   | Place    | Note
-------+----------+-------------------------------------------
     0 | Abyss:1  | Gargoyl the Ghoul Abyssal Knight began the quest for the Orb.
     0 | Abyss:1  | Reached XP level 1. HP: 19/19 MP: 1/1
    45 | Abyss:2  | Got a flickering platinum amulet
    88 | Abyss:2  | Noticed a neqoxec
    89 | D:1      | Escaped the Abyss
    90 | D:1      | Identified the amulet "Ymups" {Regen+ Int+3} (You found it on level 2 of the Abyss)
   112 | D:1      | Reached skill level 1 in Dodging
   203 | D:1      | Reached * piety under Lugonu
   248 | D:1      | Reached XP level 2. HP: 23/25 MP: 2/2
   720 | D:2      | Reached XP level 3. HP: 21/30 MP: 3/3
  1042 | D:2      | Reached XP level 4. HP: 36/38 MP: 5/5
  2294 | D:3      | Noticed McKennaii's ghost (weakling HEWz)
  2299 | D:3      | Killed McKennaii's ghost
  2299 | D:3      | Reached XP level 5. HP: 45/46 MP: 6/6
  2548 | D:4      | Reached ** piety under Lugonu
  2558 | D:4      | Found a shadowy altar of Dithmenos.
  2582 | D:4      | Reached XP level 6. HP: 30/52 MP: 7/7
  2812 | D:5      | Entered Level 5 of the Dungeon
  2826 | D:5      | Noticed a phantom
  2844 | D:5      | Killed a phantom
  2844 | D:5      | Reached skill level 1 in Shields
  2844 | D:5      | Reached XP level 7. HP: 58/60 MP: 8/8
  2876 | D:5      | Slain by an orc warrior

Skill      XL: |  1  2  3  4  5  6 |
---------------+-------------------+-----
Dodging        | 1 |  1.1
Axes           | 2 3 4 |  4.2
Armour         | 2 3 |  3.6
Fighting       | 4 |  4.3
Invocations    | 3 |  3.6
Shields        | 1 |  1.0

Action                   |  1- 3 |  4- 6 |  7- 9 || total
-------------------------+-------+-------+-------++-------
Melee: War axe           |    89 |   100 |     8 ||   197
Invok: Depart the Abyss  |     1 |       |       ||     1
  Use: Scroll            |     2 |     5 |       ||     7
  Eat: Chunk             |    16 |    19 |       ||    35
Armor: Leather armour    |    16 |       |       ||    16
       Ring mail         |    19 |     3 |       ||    22
       Chain mail        |       |    67 |     6 ||    73
Dodge: Dodged            |    54 |    36 |     4 ||    94
Block: Buckler           |     6 |    15 |     1 ||    22
